 Dungeon Crawl Stone Soup version 0.30.1-4-g462c640d31 (webtiles) character file.

Game seed: 6186966167722479606

286 ChiefBigBeans the Ducker (level 6, -3/45 HPs)
             Began as a Djinni Fire Elementalist on Sept 5, 2023.
             Slain by Crazy Yiuf
             ... wielding a +3 quarterstaff of chaos
              (8 damage)
             ... on level 2 of the Dungeon.
             The game lasted 00:12:57 (2597 turns).

ChiefBigBeans the Ducker (Djinni Fire Elementalist) Turns: 2597, Time: 00:12:58

Health: -3/45      AC: 11    Str:  7    XL:     6   Next: 56%
Gold:   120        EV: 10    Int: 19    God:
                   SH:  0    Dex: 13

rFire   + + .        h - +2 scythe (flame)
rCold   x . .        (shield currently unavailable)
rNeg    . . .        e - +3 ring mail
rPois   ∞            (no helmet)
rElec   .            f - +0 cloak
rCorr   .            (no gloves)
SInv    .            (boots unavailable)
Will    .....        (no amulet)
Stlth   +            (no ring)
HPRegen 0.27/turn    (no ring)
MPRegen 0.00/turn

%: infuse magic (-4 HP)
@: flying
A: sickness immunity, fire resistance 2, cold vulnerability 1, float, innate
caster, HP casting, extra vitality 1, iridescent scales 1
a: no special abilities


You were on level 2 of the Dungeon.
You visited 1 branch of the dungeon, and saw 3 of its levels.

You collected 120 gold pieces.

Inventory:

Hand Weapons
 c - a +0 short sword
 h - a +2 scythe of flaming (weapon)
Armour
 a - a +0 robe
 e - a +3 ring mail (worn)
 f - a +0 cloak (worn)
 i - a +0 robe of willpower
Wands
 g - a wand of roots (7)
Scrolls
 b - 3 scrolls of identify
 d - 4 scrolls of teleportation
 k - a scroll of brand weapon {unknown}
 l - a scroll of torment {unknown}
Potions
 j - a potion of brilliance {unknown}


   Skills:
 + Level 2.4 Fighting
 + Level 0.5 Polearms
 + Level 2.6 Armour
 + Level 4.0 Dodging
 - Level 1.6 Stealth
 + Level 3.3 Spellcasting


You knew the following spells:

 Your Spells              Type           Power      Damage    Failure   Level
a - Foxfire               Conj/Fire      64%        2x1d7     12%         1
b - Scorch                Fire           32%        2d6       19%         2
c - Volatile Blastmotes   Fire/Tloc      32%        2d12      34%         3
d - Inner Flame           Hex/Fire       16%        N/A       34%         3
e - Flame Wave            Conj/Fire      16%        2d7       75%         4
f - Beastly Appendage     Tmut           32%        N/A       12%         1
g - Static Discharge      Conj/Air       32%        2-4/arc   19%         2
Your spell library was empty.

Dungeon Overview and Level Annotations

Branches:
Dungeon (3/15)

Altars:
Trog

Shops:
D:3 !

Annotations:
D:2 Crazy Yiuf


Innate Abilities, Weirdness & Mutations

You are immune to sickness and miasma.
You are immune to poison.
Your flesh is very heat resistant. (rF++)
You are vulnerable to cold. (rC-)
You float through the air rather than walking.
You learn spells naturally, not from books.
Your magical power is your life essence.
You have superior vitality. (+4 MHP)
You are partially covered in iridescent scales. (AC +2)


Message History

You see here a +0 robe.
You now have 120 gold pieces (gained 15).
Done exploring.
Done exploring.
There is a stone staircase leading up here.
You fly upwards.
Level annotation: 1 runed translucent door, Crazy Yiuf
There is a stone staircase leading down here.
There is an open door here.
You see here 5 poisoned darts.
There is an open door here.
You see here a potion of mutation.
Crazy Yiuf says, "Hah broken koolooloo!"
You reach down and open the door.
Crazy Yiuf attacks as you move away!
Crazy Yiuf hits you with a +3 quarterstaff of chaos.
Space warps around you!
You puncture Crazy Yiuf! You burn Crazy Yiuf.
Crazy Yiuf is severely wounded.
Crazy Yiuf barely misses you.
You barely miss Crazy Yiuf.
Crazy Yiuf is severely wounded.
Crazy Yiuf closely misses you.
You barely miss Crazy Yiuf.
Crazy Yiuf is severely wounded.
Crazy Yiuf hits you with a +3 quarterstaff of chaos!
Crazy Yiuf freezes you.
Crazy Yiuf hits you with a +3 quarterstaff of chaos!
Crazy Yiuf burns you.
You barely miss Crazy Yiuf.
Crazy Yiuf is severely wounded.
Crazy Yiuf barely misses you.
You hit Crazy Yiuf but do no damage.
Crazy Yiuf is severely wounded.
Crazy Yiuf grits, "Earwax sizzlefizz noodlescoop!"
Crazy Yiuf hits you with a +3 quarterstaff of chaos.
You are electrocuted!
* * * LOW HITPOINT WARNING * * *
Crazy Yiuf hits you with a +3 quarterstaff of chaos!
You die...

.........>###...##
)...#####....!...##
....# #.####....#
###.# #.# ##..##
#.# ##'# #PP.P# #.#
#.(# ##P..# #.#
#..# ##.## #.# #..#
##.# #.# ##'# #@##
#.# #.# ##g# #.#
#.# #.## #.# #.#
#'# #.# #.# ... #.#
#.# #...# # #.# #.#
#)..# # #.# #.#
##### # #.# #.#


You could see Crazy Yiuf.

Vanquished Creatures
  Sigmund (D:2)
  Robin (D:2)
  3 gnolls (D:3)
  2 worms (D:3)
  2 dart slugs
  2 orcs (D:3)
  4 ball pythons
  4 bats
  3 endoplasms (D:1)
  4 giant cockroaches
  15 goblins
  7 hobgoblins
  5 kobolds
  2 quokkas
  2 frilled lizards
  7 rats
64 creatures vanquished.

Vanquished Creatures (others)
  169 foxfires
169 creatures vanquished.

Grand Total: 233 creatures vanquished

Notes
Turn   | Place    | Note
-------+----------+-------------------------------------------
     0 | D:1      | ChiefBigBeans the Djinni Fire Elementalist began the quest
                  | for the Orb.
     0 | D:1      | ChiefBigBeans set off with the following spells memorised:
                  | Foxfire, Scorch, Volatile Blastmotes, Inner Flame, Flame
                  | Wave.
     0 | D:1      | Reached XP level 1. HP: 15/15 MP: 0/0
   152 | D:1      | Reached XP level 2. HP: 20/21 MP: 0/0
   719 | D:1      | Reached XP level 3. HP: 24/25 MP: 0/0
   719 | D:1      | Learned a level 1 spell: Beastly Appendage
   828 | D:1      | Reached skill level 1 in Armour
  1031 | D:2      | Gained mutation: You are partially covered in iridescent
                  | scales. (AC +2) [potion of mutation]
  1031 | D:2      | Gained mutation: You are mostly covered in iridescent
                  | scales. (AC +4) [potion of mutation]
  1031 | D:2      | Lost mutation: You are mostly covered in iridescent scales.
                  | (AC +4) [potion of mutation]
  1251 | D:2      | Noticed Sigmund
  1259 | D:2      | Killed Sigmund
  1259 | D:2      | Noticed Robin
  1260 | D:2      | Reached skill level 3 in Dodging
  1260 | D:2      | Reached XP level 4. HP: 10/33 MP: 0/0
  1260 | D:2      | Reached XP level 5. HP: 12/38 MP: 0/0
  1260 | D:2      | Learned a level 2 spell: Static Discharge
  1260 | D:2      | Reached XP level 6. HP: 13/43 MP: 0/0
  1640 | D:2      | Found a bloodstained altar of Trog.
  1668 | D:2      | Killed Robin
  2007 | D:2      | Found a runed translucent door.
  2008 | D:2      | Noticed Crazy Yiuf
  2249 | D:3      | Found a faded altar of an unknown god.
  2263 | D:3      | Reached skill level 4 in Dodging
  2370 | D:3      | Found Huxasam's Distillery.
  2597 | D:2      | Slain by Crazy Yiuf

Illustrated notes

Levels and vault maps discovered:
D:1:      dpeg_arrival_tiny_f, layout_loops_ring, minmay_misc_feat_rugged
D:2:      layout_basic, basic_altar, uniq_crazy_yiuf_cottage, uniq_robin,
          uniq_sigmund
D:3:      layout_rooms, hellmonk_ecumenical_altar_leap_of_faith, serial_shops,
          nicolae_shop_statue_plus, serial_bayou_crossing

Skill      XL: |  1  2  3  4  5  6 |
---------------+-------------------+-----
Armour         | 2 |  2.6
Fighting       | 2 |  2.4
Dodging        | 3 4 |  4.0
Spellcasting   | 3 |  3.3
Polearms       | |  0.5
Stealth        | |  1.6

Action                     |  1- 3 |  4- 6 || total
---------------------------+-------+-------++-------
  Melee: Short sword       |    32 |     4 ||    36
         Unarmed           |     1 |       ||     1
         Halberd           |       |    41 ||    41
   Cast: Foxfire           |    60 |    43 ||   103
    Use: Potion            |     3 |     1 ||     4
         Scroll            |     2 |     3 ||     5
 Armour: Robe              |     4 |       ||     4
         Ring mail         |    29 |    34 ||    63
  Dodge: Dodged            |    46 |    34 ||    80
